 Dungeon Crawl Stone Soup version 0.20-a0-492-g6327889 (webtiles) character file.

37751 wazuzu the Impaler (level 13, -1/96 (99) HPs)
             Began as a Naga Berserker on Jan 15, 2017.
             Was a High Priest of Trog.
             Killed from afar by an orc sorcerer (31 damage)
             ... with a bolt of negative energy
             ... on level 2 of the Orcish Mines.
             The game lasted 01:06:45 (16088 turns).

wazuzu the Impaler (Naga Berserker)                Turns: 16088, Time: 01:06:45

HP:   -1/96 (99)    AC: 16    Str: 23    XL:     13   Next: 98%
MP:   0/13          EV: 12    Int:  9    God:    Trog [*****.]
Gold: 2346          SH:  0    Dex:  9    Spells: 10/12 levels left

rFire    + . .     SeeInvis +   r - +13 scythe of Curses {drain, *Curse} (curse)
rCold    . . .     Gourm    .   o - +1 ring mail {rF+} (curse)
rNeg     . . .     Faith    .   (shield currently unavailable)
rPois    +         Spirit   +   (no helmet)
rElec    .         Reflect  .   s - +1 cloak (curse)
rCorr    .         Harm     .   m - +0 pair of gloves (curse)
MR       +....                  G - +1 naga barding (curse)
Stlth    ..........             B - amulet of guardian spirit (curse)
Regen    0.2/turn               v - +3 ring of slaying (curse)
                                P - +3 ring of evasion (curse)

@: corroded, studying Short Blades, drained, very slow
A: stinger 1, yellow scales 1, see invisible, clumsy 1, deformed body, frail 1,
poison resistance, slowness 2, slow metabolism 1, spit poison 1, no potion heal
1, constrict 1, AC +4
a: Spit Poison, Berserk, Trog's Hand, Brothers in Arms, Burn Spellbooks,
Renounce Religion


You were on level 2 of the Orcish Mines.
You worshipped Trog.
Trog was extremely pleased with you.
You were full.

You visited 4 branches of the dungeon, and saw 16 of its levels.
You also visited: Labyrinth and Bailey.

You collected 2646 gold pieces.
You spent 300 gold pieces at shops.

Inventory:

Hand Weapons
 r - the cursed +13 scythe of Curses (weapon) {drain, *Curse}
   (You took it off an orc on level 8 of the Dungeon)

   A truly terrible weapon, it drains the life of those it strikes.
   It may re-curse itself when equipped.
   It has a curse placed upon it.
 J - the cursed +7 bardiche "Hunixaxtu" {chop, Fragile +Blink Str-2 Stlth+, unknown}
   (Trog gifted it to you on level 2 of the Orcish Mines)

   It inflicts extra damage upon your enemies.
   It affects your strength (-2).
   It lets you blink.
   It will be destroyed if unequipped.
   It makes you more stealthy.
   It has a curse placed upon it.
 M - a cursed +2 longbow of flaming
Missiles
 E - a throwing net (quivered)
Armour
 m - a cursed +0 pair of gloves (worn)
 o - a cursed +1 ring mail of fire resistance (worn)
 s - a cursed +1 cloak (worn)
 y - a cursed +2 leather armour of cold resistance
 G - a cursed +1 naga barding (worn)
Jewellery
 c - a cursed ring of protection from magic
 p - a cursed amulet of rage {unknown}
 v - a cursed +3 ring of slaying (right hand)
 B - a cursed amulet of guardian spirit (around neck)
 P - a cursed +3 ring of evasion (left hand)
 R - a cursed amulet of harm {unknown}
Wands
 C - a wand of iceblast (6/15)
 L - a wand of confusion (48/48)
 Q - a wand of paralysis (11/24)
Scrolls
 e - 7 scrolls of teleportation
 f - a scroll of magic mapping
 k - 6 scrolls of enchant armour
 w - 8 scrolls of remove curse
 D - 2 scrolls of blinking
 T - a scroll of fog
 U - a scroll of recharging
Potions
 a - 3 potions of haste
 g - 5 potions of resistance
 h - 2 potions of flight
 i - 6 potions of curing
 j - 2 potions of berserk rage
 n - a potion of lignification
 q - 3 potions of ambrosia
 t - 2 potions of might {unknown}
 x - 2 potions of cancellation
 A - a potion of magic {unknown}
 I - a potion of brilliance {unknown}
Books
 b - a manual of Short Blades
Comestibles
 d - 7 meat rations
 l - 2 slices of pizza
 u - a royal jelly
 z - 2 beef jerkies
 H - 2 fruits


   Skills:
 + Level 6.3(5.6) Fighting
 - Level 19.0(18.0) Polearms
 + Level 6.3(5.6) Armour
 + Level 6.4(5.7) Dodging
 - Level 3.1(2.4) Unarmed Combat


You had 10 spell levels left.
You knew the following spells:

 Your Spells              Type           Power        Failure   Level  Hunger
a - Blink                 Tloc           N/A          86%         2    ###....


Dungeon Overview and Level Annotations

Branches:
Dungeon (10/15)            Temple (1/1) D:7            Lair (3/6) D:8
 Shoals (0/4) Lair:3        Snake (0/4) Lair:2          Orc (2/2) D:10
    Elf (0/3) Orc:2

Altars:
Ashenzari
Cheibriados
Dithmenos
Elyvilon
Fedhas
Gozag
Hepliaklqana
Kikubaaqudgha
Makhleb
Nemelex Xobeh
Okawaru
Qazlal
Ru
Sif Muna
Trog
Uskayaw
Vehumet
Xom
Yredelemnul
Zin
The Shining One
Beogh

Shops:
D:4 :   D:5 [   D:10 :   Orc:2 *?


Innate Abilities, Weirdness & Mutations

You cannot wear boots.
Your serpentine skin is tough. (AC +4)
You have supernaturally acute eyesight. (SInv)
Armour fits poorly on your strangely shaped body.
Your system is resistant to poisons. (rPois)
You cover ground very slowly.
You have a slow metabolism.
You can spit poison.
You can use your snake-like lower body to constrict enemies.
Your tail ends in a poisonous barb.
You are partially covered in yellow scales. (AC +2)
You are clumsy. (Dex -2)
You are frail. (-10% HP)
Potions are less effective at restoring your health.


Message History

The red devil hits you but does no damage.
You are electrocuted!
An orc sorcerer comes into view. It is wielding a dagger.
Attack whom?
Press: ? - help, Dir - move target cursor, f/p - red devil
Aim: a red devil, wielding a demon trident of electrocution (moderately wounded)
You reach to attack!
You closely miss the red devil.
The red devil is moderately wounded.
The orc sorcerer shouts!
The orc warrior hits you with a scimitar!
The red devil hits you from afar with a demon trident of electrocution!
You are electrocuted!
Attack whom?
Press: ? - help, Dir - move target cursor, f/p - red devil
Aim: a red devil, wielding a demon trident of electrocution (moderately wounded)
You reach to attack!
You closely miss the red devil.
The red devil is moderately wounded.
The orc sorcerer gestures at you while chanting.
The bolt of negative energy hits you!
You feel drained.
You die...

...#..# #....... .8.#.## #...
##.....# ...#### ### #....
##..... ...##.###.### #.#..
##.... .8.#........## #..o. ##...
...##........# ##...# ##..
...#.........###.4.# ##.
.8.##.#.....###o..# ##
...#......####.)@# #
####......###.#)##
#......)###..)## #...
#........###.#ยง## #.#.
###........###...## #...##
#.........).###...## ##...###
.......))##..###...## ##...###.
.........###..###...## ##...###..
#.........###..###...###...###..#


You could see an orc sorcerer, a red devil and an orc warrior.

Vanquished Creatures
  The ghost of wazuzu the Bludgeoner, a journeyman HOMo of Qazlal (Orc:1)
  An ettin (Orc:2)
  A minotaur (Lab)
  Josephine (D:10)
  Erolcha (Orc:1)
  2 hydras
  3 two-headed ogres
  3 orc high priests (Orc:2)
  The ghost of dobroeutro the Basher, a novice GrFi of Okawaru (Bailey)
  The ghost of Sapher the Thaumaturge, a novice SpCj of Gozag (D:9)
  4 orc knights
  Pikel (D:4)
  An ugly thing (D:9)
  2 orc sorcerers (Orc:2)
  A cyclops (Orc:2)
  A rust devil (Orc:2)
  6 elephants
  A smoke demon (Orc:2)
  4 spiny frogs
  2 rime drakes
  A komodo dragon (Lair:1)
  A hellwing (Orc:2)
  An ice devil (Orc:2)
  4 trolls
  3 blink frogs (Lair:3)
  2 hippogriffs
  Sigmund (D:2)
  3 redbacks (Lab)
  A shadow (D:10)
  3 wraiths (D:10)
  23 yaks
  Eustachio (D:5)
  A hungry ghost (D:10)
  A steam dragon (Lair:2)
  3 nagas (Lair:2)
  4 wargs
  6 water moccasins
  3 porcupines
  2 black bears
  28 orc warriors
  5 sky beasts
  3 necrophages
  2 phantoms
  6 ogres
  A centaur (D:8)
  6 wolves (Lair:3)
  5 crocodiles
  12 bullfrogs
  2 big kobolds
  6 scorpions
  5 wights (D:9)
  12 killer bees
  5 electric eels
  5 howler monkeys (D:10)
  5 crimson imps
  2 centaur zombies
  A bullfrog zombie (D:8)
  Crazy Yiuf (D:6)
  4 hounds
  3 jellies
  22 orc priests
  A bullfrog skeleton (D:4)
  3 iguanas
  6 worker ants
  15 orc wizards
  2 hound skeletons
  2 worker ant zombies
  5 gnolls
  12 adders
  A howler monkey skeleton (D:5)
  3 shadow imps
  3 adder zombies
  An ooze (D:3)
  An adder skeleton (D:8)
  A worm (D:3)
  5 leopard geckos
  75 orcs
  7 bats
  3 giant cockroaches
  15 goblins
  3 hobgoblins
  4 jackals (D:10)
  9 kobolds
  7 quokkas
  2 ball pythons
  5 frilled lizards
  A jackal skeleton (D:7)
  A quokka skeleton (D:8)
  5 rats
  3 fungi
444 creatures vanquished.

Vanquished Creatures (collateral kills)
  A sea snake (Lair:3)
  An orc knight (Orc:2)
  A rime drake (Lair:1)
  A yak (Lair:2)
  2 water moccasins
  2 orc warriors (Orc:2)
  A crocodile (Lair:1)
  An orc priest (Orc:2)
  An orc wizard (Orc:1)
  4 orcs
15 creatures vanquished.

Vanquished Creatures (others)
  2 iguanas (D:4)
  An adder (D:4)
  An orc (D:4)
  A frilled lizard (D:4)
  11 fungi
  5 plants
21 creatures vanquished.

Grand Total: 480 creatures vanquished

Notes
Turn   | Place    | Note
-------+----------+-------------------------------------------
     0 | D:1      | wazuzu the Naga Berserker began the quest for the Orb.
     0 | D:1      | Reached XP level 1. HP: 21/21 MP: 1/1
   698 | D:1      | Reached XP level 2. HP: 28/28 MP: 2/2
  1238 | D:2      | Found a sacrificial altar of Ru.
  1336 | D:2      | Noticed Sigmund
  1354 | D:2      | Killed Sigmund
  1354 | D:2      | Reached skill level 4 in Polearms
  1354 | D:2      | Reached XP level 3. HP: 28/34 MP: 3/3
  1354 | D:2      | Reached XP level 4. HP: 35/42 MP: 4/4
  1354 | D:2      | Reached XP level 5. HP: 41/49 MP: 5/5
  2003 | D:3      | Reached ** piety under Trog
  2181 | D:3      | Reached skill level 5 in Polearms
  2181 | D:3      | Reached XP level 6. HP: 55/56 MP: 6/6
  2998 | D:4      | Noticed Pikel
  2998 | D:4      | Noticed a slave
  2998 | D:4      | Noticed a slave
  3002 | D:4      | Noticed a slave
  3004 | D:4      | Noticed a slave
  3010 | D:4      | Killed Pikel
  3010 | D:4      | Reached skill level 7 in Polearms
  3010 | D:4      | Reached XP level 7. HP: 62/62 MP: 7/7
  3216 | D:4      | Reached XP level 8. HP: 51/69 MP: 8/8
  3223 | D:4      | Reached skill level 8 in Polearms
  3427 | D:4      | Gained mutation: You are resistant to hostile enchantments. (MR+) [potion of beneficial mutation]
  3428 | D:4      | Gained mutation: You are partially covered in slimy green scales. (AC +2) [potion of beneficial mutation]
  3748 | D:4      | Found Mujono's Book Boutique.
  3969 | D:5      | Entered Level 5 of the Dungeon
  3969 | D:5      | Found Geirenex's Armour Shop.
  3972 | D:5      | Bought a +0 pair of gloves for 58 gold pieces
  3995 | D:5      | Noticed Eustachio
  4016 | D:5      | Killed Eustachio
  4016 | D:5      | Reached skill level 9 in Polearms
  4391 | D:5      | Reached *** piety under Trog
  4691 | D:6      | Reached skill level 10 in Polearms
  4722 | D:6      | Reached XP level 9. HP: 36/75 MP: 9/9
  5449 | D:6      | Found a runed door.
  5453 | D:6      | Noticed Crazy Yiuf
  5460 | D:6      | Killed Crazy Yiuf
  5554 | D:7      | Reached skill level 11 in Polearms
  5675 | D:7      | Found a white marble altar of Elyvilon.
  5740 | D:7      | Found a staircase to the Ecumenical Temple.
  5758 | Temple   | Entered the Ecumenical Temple
  5826 | D:7      | Found a sparkling altar of Nemelex Xobeh.
  5826 | D:7      | Found a shattered altar of Ashenzari.
  5827 | D:7      | Found a basalt altar of Yredelemnul.
  5827 | D:7      | Found an ancient bone altar of Kikubaaqudgha.
  5827 | D:7      | Found an opulent altar of Gozag.
  5868 | D:7      | Reached **** piety under Trog
  6357 | D:8      | Found a burning altar of Makhleb.
  6463 | D:8      | Found a staircase to the Lair.
  6463 | D:8      | Noticed an elephant
  6488 | D:8      | Killed an elephant
  6493 | D:8      | Reached XP level 10. HP: 84/85 MP: 10/10
  6536 | D:8      | Noticed a two-headed ogre
  6541 | D:8      | Killed a two-headed ogre
  6541 | D:8      | Reached skill level 12 in Polearms
  6640 | D:8      | Reached skill level 5 in Fighting
  6700 | D:8      | Noticed a two-headed ogre
  6710 | D:8      | HP: 4/132 [two-headed ogre/giant club (23)]
  6711 | D:8      | Killed a two-headed ogre
  6711 | D:8      | Reached skill level 5 in Armour
  7621 | D:8      | Gained mutation: You are frail. (-10% HP) [mutagenic meat]
  7622 | D:8      | Gained mutation: Your tail ends in a poisonous barb. [mutagenic meat]
  7623 | D:8      | Gained mutation: You have a pair of small horns on your head. [mutagenic meat]
  7624 | D:8      | Gained mutation: You are partially covered in yellow scales. (AC +2) [mutagenic meat]
  8279 | D:9      | Found a glowing golden altar of the Shining One.
  8322 | D:9      | Reached XP level 11. HP: 85/87 MP: 9/11
  8334 | D:9      | Noticed Sapher's ghost (novice SpCj)
  8351 | D:9      | Killed Sapher's ghost
  8351 | D:9      | Reached skill level 5 in Dodging
  8398 | D:9      | Reached ***** piety under Trog
  8461 | D:9      | Found a flagged portal.
  8466 | Bailey   | Entered a bailey
  8490 | Bailey   | Noticed dobroeutro's ghost (novice GrFi)
  8501 | Bailey   | Killed dobroeutro's ghost
  8508 | Bailey   | Noticed an orc knight
  8551 | Bailey   | Killed an orc knight
  8551 | Bailey   | Reached skill level 13 in Polearms
  8608 | Bailey   | Found a bloodstained altar of Trog.
  8801 | D:9      | Found a hazy altar of Hepliaklqana.
  8801 | D:9      | Noticed a purple ugly thing
  8810 | D:9      | Killed a purple ugly thing
  8815 | D:9      | Gained mutation: Your muscles are strong. (Str +2) [mutagenic meat]
  8936 | D:9      | Found a shimmering altar of Xom.
  9145 | D:10     | Entered Level 10 of the Dungeon
  9179 | D:10     | Found Wuiten's Book Boutique.
  9295 | D:10     | Received a gift from Trog
  9302 | D:10     | Found a staircase to the Orcish Mines.
  9456 | D:10     | Noticed Josephine
  9469 | D:10     | Killed Josephine
  9471 | D:10     | HP: 6/130 [wraith[Josephine] (10)]
  9667 | D:10     | Gained mutation: Potions are less effective at restoring your health. [potion of mutation]
  9667 | D:10     | Lost mutation: You are resistant to hostile enchantments. (MR+) [potion of mutation]
  9667 | D:10     | Gained mutation: You are clumsy. (Dex -2) [potion of mutation]
  9668 | D:10     | Lost mutation: You are partially covered in slimy green scales. (AC +2) [potion of mutation]
  9668 | D:10     | Gained mutation: You are very frail. (-20% HP) [potion of mutation]
  9669 | D:10     | Lost mutation: Your muscles are strong. (Str +2) [potion of mutation]
  9669 | D:10     | Lost mutation: You have a pair of small horns on your head. [potion of mutation]
  9788 | D:10     | Reached skill level 14 in Polearms
 10200 | D:9      | Lost mutation: You are very frail. (-20% HP) [mutagenic meat]
 10229 | Lair:1   | Entered Level 1 of the Lair of Beasts
 10545 | Lair:1   | Reached XP level 12. HP: 94/94 MP: 12/12
 10662 | Lair:1   | Noticed an eight-headed hydra
 10668 | Lair:1   | Killed an 11-headed hydra
 11182 | Lair:2   | Found a staircase to the Snake Pit.
 11190 | Lair:2   | Reached skill level 15 in Polearms
 12149 | Lair:3   | Noticed an eight-headed hydra
 12155 | Lair:3   | Killed a ten-headed hydra
 12171 | Lair:3   | Reached skill level 16 in Polearms
 12241 | Lair:3   | Found a labyrinth entrance.
 12244 | Lab      | Entered a labyrinth
 12699 | Lab      | Noticed a minotaur
 12703 | Lab      | Killed a minotaur
 12714 | Lab      | Identified the Incunabulum of Supportive Contamination
 12910 | Lair:3   | Was placed under penance by Trog
 12913 | Lair:3   | Learned a level 2 spell: Blink
 13011 | Lair:3   | Reached skill level 17 in Polearms
 13011 | Lair:3   | Gained mutation: You can use your snake-like lower body to constrict enemies. [Naga growth]
 13011 | Lair:3   | Reached XP level 13. HP: 96/99 MP: 11/13
 13088 | Lair:3   | Found a staircase to the Shoals.
 13295 | Lair:3   | Was forgiven by Trog
 13757 | Orc:1    | Entered Level 1 of the Orcish Mines
 13983 | Orc:1    | You fall through a shaft!
 13983 | Orc:2    | Entered Level 2 of the Orcish Mines
 14130 | Orc:2    | Found a roughly hewn altar of Beogh.
 14182 | Orc:2    | Reached skill level 18 in Polearms
 14206 | Orc:2    | Noticed an ettin
 14214 | Orc:2    | Killed an ettin
 14706 | Orc:2    | Found Laskoh's Magic Scroll Emporium.
 14724 | Orc:2    | Found Iryawk's General Store.
 14909 | Orc:2    | Found a staircase to the Elven Halls.
 15020 | Orc:1    | Noticed Erolcha
 15026 | Orc:1    | Killed Erolcha
 15032 | Orc:1    | Noticed wazuzu's ghost (journeyman HOMo)
 15071 | Orc:1    | Killed wazuzu's ghost
 15957 | Orc:2    | Bought a scroll of identify for 32 gold pieces
 15959 | Orc:2    | Bought a scroll of identify for 24 gold pieces
 15959 | Orc:2    | Bought a scroll of teleportation for 36 gold pieces
 15959 | Orc:2    | Bought a scroll of identify for 24 gold pieces
 15959 | Orc:2    | Bought a scroll of teleportation for 36 gold pieces
 15959 | Orc:2    | Bought a scroll of blinking for 90 gold pieces
 15982 | Orc:2    | Received a gift from Trog
 15985 | Orc:2    | Got a crude bardiche {god gift}
 16067 | Orc:2    | Reached skill level 19 in Polearms
 16088 | Orc:2    | Killed from afar by an orc sorcerer

Vault maps used:
D:1:      lightli_arrival_lavapool, roderic_roman_lattice
D:2:      lemuel_coloured_pillars_altar, uniq_sigmund
D:4:      first_bread, serial_shops, shop, minmay_stone_trees_small, uniq_pikel
D:5:      old_forge, serial_shops, shop, uniq_eustachio
D:6:      lemuel_another_geyser, uniq_crazy_yiuf_cottage
D:7:      grunt_temple_overflow_open, overflow_temple_1_default,
          hangedman_decor_growths
D:8:      makhleb_grotto_becter, david_lair_generic, minivault_14
D:9:      regret_index_temple_of_mockery, kennysheep_mini_moat, enter_bailey_3
D:10:     hiddenorc1_lemuel, serial_shops, nicolae_shop_statue_plus,
          uniq_josephine
Temple:   eino_wide_crystal_templ
Lair:1:   st_stairs_8
Lair:2:   guppyfry_snake_entry_garden, grunt_megastairs_2,
          infiniplex_staircase_pool_2, serial_bayou_shore_a
Lair:3:   shoals_dummy_entry, lab_entry_generic
Orc:1:    nicolae_orc_accident_3, uniq_erolcha
Orc:2:    pf_orc_diabolical, bh_open_orc_temple
Lab:      labyrinth_mini_lab, nicolae_lab_stuck, nicolae_lab_lava,
          nicolae_lab_very_dead_end, nicolae_lab_diamond,
          labyrinth_skeletal_remains, nicolae_lab_plus, nicolae_lab_t_cross,
          nicolae_lab_x, nicolae_lab_statue, labyrinth_glass_1
Bailey:   bailey_axe_3, bailey

Skill      XL: |  1  2  3  4  5  6  7  8  9 10 11 12 13 |
---------------+----------------------------------------+-----
Polearms       | 4 5 7 10 11 12 14 17 19 | 19.0
Armour         | 2 3 4 5 6 |  6.3
Unarmed Combat | 2 3 |  3.1
Dodging        | 2 4 6 |  6.4
Fighting       | 4 6 |  6.3

Action                   |  1- 3 |  4- 6 |  7- 9 | 10-12 | 13-15 || total
-------------------------+-------+-------+-------+-------+-------++-------
Melee: Spear             |    65 |   105 |       |       |       ||   170
       Halberd           |       |    27 |   389 |    69 |       ||   485
       Scythe            |       |       |       |   433 |   241 ||   674
       Tailslap          |       |       |       |    48 |    20 ||    68
       Headbutt          |       |       |       |    16 |       ||    16
       Constrict         |       |       |       |       |    36 ||    36
Invok: Berserk           |       |     2 |     2 |    10 |     5 ||    19
       Trog's Hand       |       |       |     2 |     5 |     3 ||    10
       Burn Spellbooks   |       |       |     1 |     1 |       ||     2
 Abil: Spit Poison       |     3 |     7 |    15 |    18 |     1 ||    44
  Use: Potion            |     3 |       |     3 |     5 |       ||    11
       Scroll            |       |       |    13 |    18 |     5 ||    36
 Stab: Sleeping          |       |     2 |       |       |       ||     2
       Distracted        |       |       |       |       |     1 ||     1
  Eat: Chunk             |     1 |     6 |     6 |    21 |       ||    34
       Bread ration      |       |       |     2 |     4 |     1 ||     7
       Meat ration       |       |       |       |       |     2 ||     2
       Fruit             |       |       |       |       |     2 ||     2
Armor: Animal skin       |     6 |    18 |       |       |       ||    24
       Ring mail         |       |     6 |   146 |   300 |    79 ||   531
       Leather armour    |       |       |    36 |       |       ||    36
       Skin              |       |       |    17 |       |       ||    17
Dodge: Dodged            |    33 |    57 |   159 |   294 |    77 ||   620
